 Dungeon Crawl Stone Soup version 0.25-a0-663-gace7076f2c (webtiles) character file.

Game seed: 11929525593763676368, levelgen mode: deterministic

6073 ReteAZ the Grappler (level 10, -6/90 HPs)
             Began as a Ghoul Fighter on Mar 25, 2020.
             Was an Initiate of Makhleb.
             Mangled by an eight-headed hydra (11 damage)
             ... on level 8 of the Dungeon.
             The game lasted 00:12:47 (8809 turns).

ReteAZ the Grappler (Ghoul Fighter)                 Turns: 8809, Time: 00:12:48

Health: -6/90      AC: 14    Str: 22    XL:     10   Next: 87%
Magic:  9/9        EV:  8    Int:  5    God:    Makhleb [......]
Gold:   302        SH: 10    Dex:  8    Spells: 9/9 levels left

rFire    . . .     SeeInvis .     - Unarmed
rCold    + . .     Gourm    .   b - +0 kite shield
rNeg     + + +     Faith    .   L - +1 scale mail of the Shrike {rPois} (curse)
rPois    ∞         Spirit   .   D - +2 helmet
rElec    .         Reflect  .   C - +0 cloak
rCorr    .         Harm     .   j - +0 pair of gloves
MR       .....                  (no boots)
Stlth    ..........             (no amulet)
HPRegen  0.00/turn              (no ring)
MPRegen  0.11/turn              (no ring)

@: rotting
A: rotting body, claws 1, carnivore, cold resistance 1, negative energy
resistance 3, inhibited regeneration, torment resistance, unbreathing
a: Renounce Religion


You were on level 8 of the Dungeon.
You worshipped Makhleb.
Makhleb was noncommittal.
You were not hungry.

You visited 2 branches of the dungeon, and saw 9 of its levels.

You collected 414 gold pieces.
You spent 112 gold pieces at shops.

Inventory:

Missiles
 c - 3 throwing nets
 v - 39 poisoned darts
 x - 2 curare-tipped darts (quivered)
 z - 7 silver boomerangs
Armour
 a - a +0 scale mail
 b - a +0 kite shield (worn)
 j - a +0 pair of gloves (worn)
 t - a +2 ring mail of cold resistance
 C - a +0 cloak (worn)
 D - a +2 helmet (worn)
 F - a +1 ring mail of magic resistance
 L - the cursed +1 scale mail of the Shrike (worn) {rPois}
   (You found it on level 8 of the Dungeon)

   It protects you from poison.
   It has a curse placed upon it.
Jewellery
 r - an uncursed ring of resist corrosion {unknown}
 E - an uncursed amulet of magic regeneration {unknown}
 J - an uncursed ring of protection from magic {unknown}
 K - an uncursed ring of resist corrosion {unknown}
Wands
 G - a wand of digging (2)
 N - a wand of polymorph (9)
Scrolls
 f - a scroll of magic mapping
 g - 7 scrolls of teleportation {unknown}
 h - a scroll of noise {unknown}
 i - 5 scrolls of random uselessness
 k - 2 scrolls of fog {unknown}
 m - 9 scrolls of remove curse {unknown}
 o - 9 scrolls of identify {unknown}
 q - 2 scrolls of enchant weapon {unknown}
 s - a scroll of immolation {unknown}
 y - a scroll of blinking {unknown}
 A - 2 scrolls of enchant armour {unknown}
 R - a scroll of vulnerability {unknown}
Potions
 e - a potion of mutation {unknown}
 l - a potion of flight {unknown}
 n - a potion of magic {unknown}
 p - 5 potions of curing
 u - a potion of heal wounds
 w - a potion of invisibility {unknown}
 B - a potion of lignification {unknown}
 H - 5 potions of stabbing {unknown}
 I - a potion of haste {unknown}
 M - 2 potions of resistance
 Q - a potion of cancellation {unknown}
Comestibles
 d - 22 rations
 P - 7 chunks of flesh


   Skills:
 + Level 8.5 Fighting
 + Level 7.1 Armour
 + Level 7.1 Shields
 * Level 11.2 Unarmed Combat


You had 9 spell levels left.
You didn't know any spells.
Your spell library contained the following spells:

 Spells                   Type           Power        Failure   Level  Hunger
 Animate Skeleton         Necr           N/A          98%         1    ##.....
 Pain                     Necr           #...         98%         1    ##.....
 Vampiric Draining        Necr           #.........   100%        3    ####...
 Animate Dead             Necr           N/A          100%        4    #####..
 Agony                    Necr           #.......     100%        5    ######.


Dungeon Overview and Level Annotations

Branches:
Dungeon (8/15)             Temple (1/1) D:7
   Lair: D:8-11

Altars:
Ashenzari
Cheibriados
Dithmenos
Elyvilon
Fedhas
Gozag
Hepliaklqana
Kikubaaqudgha
Makhleb
Nemelex Xobeh
Okawaru
Qazlal
Ru
Sif Muna
Trog
Uskayaw
Vehumet
Wu Jian
Xom
Yredelemnul
Zin
The Shining One
Beogh

Shops:
D:7 :=(!

Annotations:
D:4 3 runed translucent doors, daweed's ghost, amateur HOBe


Innate Abilities, Weirdness & Mutations

Your body is rotting away.
You thrive on raw meat.
You are immune to poison.
You have sharp fingernails.
You are carnivorous and can eat meat at any time.
Your flesh is cold resistant. (rC+)
You are immune to negative energy. (rN+++)
You do not regenerate when monsters are visible.
You are immune to unholy pain and torment.
You can survive without breathing.


Message History

The eight-headed hydra closely misses you.
The eight-headed hydra bites you but does no damage. x2
The eight-headed hydra bites you.
* * * LOW HITPOINT WARNING * * *
The eight-headed hydra completely misses you.
The eight-headed hydra bites you!
* * * LOW HITPOINT WARNING * * *
The eight-headed hydra bites you.
* * * LOW HITPOINT WARNING * * *
Okay, then.
Evoke which item? (* to show all) (? for menu, Esc to quit)
Aiming: Paralyse
Press: ? - help, Shift-Dir - straight line, f/p - eight-headed hydra
Aim: an eight-headed hydra (heavily wounded, chance to defeat MR: 15%)
The eight-headed hydra resists with almost no effort.
The now-empty wand crumbles to dust.
The eight-headed hydra closely misses you.
You block the eight-headed hydra's attack.
The eight-headed hydra bites you!
You die...

###########
..##.........##
#.............########
###.###......[.##.
#@....##..#.<..#..
#D#####.##...÷.....
#y#.....#.##........
lh#..###..#.#...(....


Zol #...#.#.#........ #.#Y #.#.#)#.....##... . #. #...#.#.#..####..
#.#..###..#.#........ . #.#.....#.##..###### You could see an eight-headed
hydra, a wyvern, a sky beast, a hound, a killer bee, an orc, a leopard gecko and
a quokka skeleton.

Vanquished Creatures
  Harold (D:7)
  A two-headed ogre (D:5)
  An unseen horror (D:7)
  Joseph (D:7)
  Psyche (D:7)
  Prince Ribbit (D:7)
  A hornet (D:7)
  Eustachio (D:5)
  Purgy (D:4)
  A black bear (D:8)
  3 ice beasts
  An orc warrior (D:7)
  7 ogres
  2 phantoms
  3 bullfrogs
  A wyvern skeleton (D:7)
  A scorpion (D:6)
  6 killer bees
  5 wights (D:7)
  A vampire bat (D:4)
  3 crimson imps
  4 hounds
  A jelly (D:8)
  2 orc priests
  A centaur skeleton (D:5)
  4 iguanas
  Natasha (thrice) (D:3)
  4 orc wizards
  6 worker ants
  A hound skeleton (D:5)
  A worker ant zombie (D:7)
  Robin (D:4)
  5 adders
  2 shadow imps
  2 oozes
  An adder zombie (D:6)
  4 worms
  A dart slug (D:2)
  A leopard gecko (D:2)
  26 orcs
  6 giant cockroaches
  6 hobgoblins
  6 jackals
  4 quokkas
  A ball python (D:1)
  18 bats
  5 frilled lizards
  14 goblins
  5 kobolds (D:1)
  A quokka zombie (D:8)
  14 rats
193 creatures vanquished.

Notes
Turn   | Place    | Note
-------+----------+-------------------------------------------
     0 | D:1      | ReteAZ the Ghoul Fighter began the quest for the Orb.
     0 | D:1      | Reached XP level 1. HP: 19/19 MP: 0/0
    68 | D:1      | Reached XP level 2. HP: 15/25 MP: 1/1
   237 | D:1      | Reached XP level 3. HP: 18/31 MP: 2/2
   256 | D:1      | Reached skill level 3 in Unarmed Combat
   593 | D:2      | Found a basalt altar of Yredelemnul.
   776 | D:2      | Reached XP level 4. HP: 39/40 MP: 3/3
  1129 | D:2      | Found a white marble altar of Elyvilon.
  1448 | D:3      | Noticed Natasha
  1463 | D:3      | Killed Natasha
  1945 | D:3      | Found a shimmering altar of Xom.
  1952 | D:3      | Noticed Natasha
  1972 | D:3      | Killed Natasha
  1972 | D:3      | Reached XP level 5. HP: 16/46 MP: 4/4
  2126 | D:3      | Noticed Natasha
  2130 | D:3      | Killed Natasha
  2130 | D:3      | Reached skill level 4 in Unarmed Combat
  2467 | D:4      | Noticed a phantom
  2512 | D:4      | Killed a phantom
  2512 | D:4      | Reached XP level 6. HP: 39/53 MP: 5/5
  3050 | D:4      | HP: 1/53 [ogre/cursed +0 giant club (14)]
  3051 | D:4      | Reached skill level 5 in Unarmed Combat
  3405 | D:4      | Reached XP level 7. HP: 54/59 MP: 6/6
  3437 | D:4      | Found a runed translucent gate.
  3437 | D:4      | Noticed daweed's ghost (amateur HOBe)
  3438 | D:4      | Found a runed translucent gate.
  3439 | D:4      | Found a runed translucent gate.
  3439 | D:4      | Found a roughly hewn altar of Beogh.
  3440 | D:4      | Identified the +7 mace of Paruojis {holy, rF+ Int+3 SInv
                  | Stlth-}
  3454 | D:4      | Noticed Purgy
  3468 | D:4      | Killed Purgy
  3482 | D:4      | Found a hide-covered altar of Uskayaw.
  3482 | D:4      | Noticed a +0 hand axe
  3483 | D:4      | Noticed a +0 hand axe
  3490 | D:4      | Reached skill level 5 in Fighting
  3549 | D:4      | Found a blossoming altar of Fedhas.
  3763 | D:4      | Reached skill level 6 in Unarmed Combat
  3769 | D:4      | Noticed Robin
  3784 | D:4      | Killed Robin
  4175 | D:5      | Entered Level 5 of the Dungeon
  4241 | D:5      | Reached XP level 8. HP: 61/68 MP: 7/7
  4408 | D:5      | Noticed a two-headed ogre
  4411 | D:5      | Noticed Eustachio
  4784 | D:5      | Reached skill level 7 in Unarmed Combat
  4920 | D:5      | Killed a two-headed ogre
  4920 | D:5      | Reached skill level 5 in Armour
  4920 | D:5      | Reached skill level 5 in Shields
  4920 | D:5      | Reached skill level 8 in Unarmed Combat
  4920 | D:5      | Reached XP level 9. HP: 77/77 MP: 8/8
  5237 | D:5      | Killed Eustachio
  5835 | D:6      | Found an ancient bone altar of Kikubaaqudgha.
  5875 | D:6      | Found a snail-covered altar of Cheibriados.
  6009 | D:6      | Found a glowing silver altar of Zin.
  6010 | D:6      | Noticed an angel
  6750 | D:7      | Found Jeump's Distillery.
  6796 | D:7      | Bought a potion of heal wounds for 70 gold pieces
  6796 | D:7      | Bought a potion of curing for 42 gold pieces
  6862 | D:6      | Reached skill level 9 in Unarmed Combat
  6983 | D:7      | Found Dumok's Antique Weapon Boutique.
  7007 | D:7      | Killed an unseen horror
  7268 | D:7      | Noticed Prince Ribbit
  7268 | D:7      | Noticed Harold
  7274 | D:7      | Reached XP level 10. HP: 74/86 MP: 9/9
  7581 | D:7      | Found a staircase to the Ecumenical Temple.
  7623 | D:7      | Killed Harold
  7623 | D:7      | Reached skill level 10 in Unarmed Combat
  7631 | D:7      | Killed Prince Ribbit
  7659 | Temple   | Entered the Ecumenical Temple
  7870 | Temple   | Became a worshipper of Makhleb the Destroyer
  7947 | D:7      | Found Teza's Jewellery Emporium.
  8133 | D:7      | Found an ancient bone altar of Kikubaaqudgha.
  8143 | D:7      | Noticed Joseph
  8172 | D:7      | Killed Joseph
  8378 | D:7      | Found Voetha's Book Boutique.
  8528 | D:8      | Noticed Psyche
  8552 | D:7      | Killed Psyche
  8552 | D:7      | Reached skill level 11 in Unarmed Combat
  8628 | D:8      | Found an opulent altar of Gozag.
  8632 | D:8      | Got a polished scale mail
  8643 | D:8      | Identified the cursed +1 scale mail of the Shrike {rPois}
                  | (You found it on level 8 of the Dungeon)
  8740 | D:8      | Found a shimmering altar of Xom.
  8793 | D:8      | Noticed an eight-headed hydra
  8809 | D:8      | Mangled by an eight-headed hydra

Levels and vault maps discovered:
D:1:      dpeg_arrival_pits, layout_basic, minmay_tall_x
D:2:      layout_loops_ring, kennysheep_ying_yang, first_ration
D:3:      layout_basic, lemuel_round_altar, nrook_mini_vaults, uniq_natasha
D:4:      minmay_general_purpose_star, layout_basic, dancing_weapons_uskayaw,
          biasface_ghost_orc_armoury, minmay_misc_feat_room, roderic_batcave,
          fedhas_altar_4, uniq_robin, uniq_purgy
D:5:      layout_loops_ring, uniq_eustachio
D:6:      layout_layer_cave, lemuel_round_altar, zin_angel, basic_altar
D:7:      layout_basic, kiku_gazebo_pond_becter, temple_pool_b, serial_shops,
          shop, shop_statue, shop, nicolae_shop_stone, grunt_ogre_cave,
          minmay_increasing_density, uniq_joseph, uniq_harold,
          uniq_prince_ribbit1
D:8:      minmay_the_grid_octo_triangle [minmay_the_grid_octo_focus,
          minmay_the_grid_octo_prize_star, minmay_the_grid_octo_concentric],
          layout_rooms, basic_altar, grunt_gozag_breadcrumbs, uniq_psyche
Temple:   eino_temple_water

Skill      XL: |  1  2  3  4  5  6  7  8  9 10 |
---------------+-------------------------------+-----
Unarmed Combat | 3 4 5 6 8 9 11 | 11.2
Armour         | 3 4 5 6 7 |  7.1
Shields        | 3 4 5 6 7 |  7.1
Fighting       | 4 5 6 7 8 |  8.5

Action                   |  1- 3 |  4- 6 |  7- 9 | 10-12 || total
-------------------------+-------+-------+-------+-------++-------
Melee: Unarmed           |   171 |   180 |   385 |   166 ||   902
Throw: Dart              |       |     2 |    16 |     6 ||    24
       Throwing net      |       |       |       |     1 ||     1
Evoke: Wand              |       |       |     2 |     3 ||     5
  Use: Potion            |       |       |     1 |     2 ||     3
       Scroll            |       |       |       |     2 ||     2
  Eat: Chunk             |    11 |    15 |    41 |    11 ||    78
Armor: Scale mail        |    59 |     4 |       |    22 ||    85
       Ring mail         |       |    49 |   187 |    58 ||   294
Dodge: Dodged            |    43 |    46 |   143 |    65 ||   297
Block: Kite shield       |    73 |    61 |   220 |    88 ||   442

Table legend:
 A = Non-vault XP
 B = Vault XP
 C = Vault XP percentage of total XP
 D = Non-vault monster count
 E = Vault monster count
 F = Vault count percentage of total count
                 A         B        C        D         E       F
            +---------+---------+-------+---------+---------+-------
      Total |    5430 |    3247 |  37.4 |     155 |      38 |  19.7
            +---------+---------+-------+---------+---------+-------
        D:1 |      49 |       6 |  10.9 |      30 |       4 |  11.8
        D:2 |      47 |       0 |   0.0 |      15 |       0 |   0.0
        D:3 |      97 |      35 |  26.5 |      14 |       1 |   6.7
        D:4 |     590 |     237 |  28.7 |      19 |      22 |  53.7
        D:5 |    1526 |     203 |  11.7 |      21 |       1 |   4.5
        D:6 |     701 |       0 |   0.0 |      13 |       0 |   0.0
        D:7 |    1843 |    2723 |  59.6 |      32 |       8 |  20.0
        D:8 |     577 |      43 |   6.9 |      11 |       2 |  15.4
            +---------+---------+-------+---------+---------+-------
